[Event "Titled Tuesday Blitz December 13 Early 2022"]
[White "Szpar, Milosz"]
[Black "Vlassov, Nikolai"]
[WhiteFideId "1184989"]
[BlackFideId "4103360"]
[WhiteElo "2455"]
[BlackElo "2324"]
[Result "0-1"]
[Round "11"]
[TimeControl "180+1"]
[Date "2022.12.14"]
[WhiteClock "0:00:07"]
[BlackClock "0:00:12"]

1. e4 c5 2. Nc3 g6 3. f4 Bg7 4. Nf3 Nc6 5. Bb5 Nd4 6. O-O Nxb5 7. Nxb5 a6 8. Nc3 b5 9. d3 Bb7 10. Qe1 d6 11. f5 Qb6 12. a4 Nf6 13. Qh4 b4 14. Nd1 O-O-O 15. Be3 Qc6 16. Ng5 Rhf8 17. fxg6 hxg6 18. c3 Kb8 19. b3 d5 20. cxb4 dxe4 21. b5 Qd5 22. Nc3 Qxd3 23. Qg3+ Ka8 24. bxa6 Bxa6 25. Bxc5 Nh5 26. Qc7 Rd7 27. Qb6 Rb8 28. Qc6+ Bb7 29. Qb5 Bxc3 30. Ra2 Bd4+ 31. Kh1 Bxc5 32. Rfa1 Ba7 33. h4 e3 34. Qe5 f6 35. Qe6 fxg5 36. a5 Ng3+ 37. Kh2 Qd6 38. Qg4 Ne2+ 39. Kh3 Nf4+ 40. Kh2 Nd3+ 41. Kg1 Nb4 42. a6 Bc6 43. Ra4 e2+ 44. Kh1 Qd1+ 45. Rxd1 exd1=Q+ 46. Qxd1 Rxd1+ 47. Kh2 Bxa4 48. Kg3 Nxa6 49. Kg4 Rxb3 50. Kxg5 Rd2 51. Kh6 Rxg2 52. Kg7 Rh3 53. Kf8 Rxh4 54. Kg7 Rf4 55. Kg8 g5 56. Kg7 g4 57. Kh6 g3 58. Kh5 Rh2+ 59. Kg5 Rf1 60. Kg4 g2 61. Kg3 g1=Q# 0-1


[Site "https://www.chess.com"]

[Event "Titled Tuesday Blitz December 13 Early 2022"]
[White "Tarnowska, Aleksandra"]
[Black "Makhmudov, Shukhrat"]
[WhiteFideId "1180967"]
[BlackFideId "14200775"]
[WhiteElo "1776"]
[BlackElo "2135"]
[Result "0-1"]
[Round "11"]
[TimeControl "180+1"]
[Date "2022.12.14"]
[WhiteClock "0:00:31"]
[BlackClock "0:01:34"]

1. e4 e5 2. Nf3 Nc6 3. Bb5 a6 4. Ba4 Nf6 5. O-O Be7 6. Re1 b5 7. Bb3 O-O 8. d4 d6 9. h3 exd4 10. Nxd4 Nxd4 11. Qxd4 c5 12. Qd3 c4 13. Bxc4 bxc4 14. Qxc4 Be6 15. Qd3 d5 16. e5 Ne4 17. Be3 Qc7 18. Bd4 Bc5 19. c3 Bxd4 20. cxd4 Rfc8 21. f3 Ng3 22. Nc3 Qc4 23. Qe3 Nf5 24. Qg5 Qxd4+ 25. Kh2 h6 26. Qh5 Qf4+ 27. Kg1 Ng3 28. Ne2 Nxh5 29. Nxf4 Nxf4 30. g3 Nxh3+ 31. Kg2 Rc2+ 32. Kh1 Nf2+ 33. Kg1 Nd3 34. Re3 Nxb2 35. f4 d4 36. Re4 Rd8 37. a3 d3 38. Kf1 d2 39. Re2 Bc4 40. a4 Rc1+ 0-1


[Site "https://www.chess.com"]

[Event "Titled Tuesday Blitz December 13 Early 2022"]
[White "Thiel, Thomas"]
[Black "Bongo Akanga Ndjila, Barthelemy"]
[WhiteFideId "4615964"]
[BlackFideId "10609431"]
[WhiteElo "2195"]
[BlackElo "1768"]
[Result "1/2-1/2"]
[Round "11"]
[TimeControl "180+1"]
[Date "2022.12.14"]
[WhiteClock "0:00:48"]
[BlackClock "0:01:32"]

1. e4 c6 2. d4 d5 3. exd5 cxd5 4. c4 Nf6 5. Nc3 e6 6. Nf3 Bb4 7. cxd5 Nxd5 8. Qc2 Be7 9. a3 Nc6 10. Bd3 Bf6 11. O-O O-O 12. Bxh7+ Kh8 13. Nxd5 Qxd5 14. Be4 Nxd4 15. Nxd4 Qxd4 16. Rd1 Qe5 17. Rd3 Kg8 18. Rh3 g6 19. Rb1 Bd7 20. Bd2 Rfc8 21. Bc3 Qg5 22. Bxf6 Qxf6 23. Qd2 Bc6 24. Bxc6 Rxc6 25. Qh6 Qg7 26. Qxg7+ Kxg7 27. Rd3 Rac8 28. g3 b5 29. Rd7 a6 30. Rbd1 Rc2 31. Ra7 R2c7 32. Rxc7 Rxc7 33. Rd6 Rc2 34. Rxa6 Rxb2 35. Rb6 Rb3 36. Kg2 Rxa3 37. Rxb5 Ra2 38. Rc5 Kf6 39. Rb5 g5 40. h3 Kg6 41. Rb6 Kf5 42. Rb5+ e5 43. Rb3 f6 44. Rf3+ Ke6 45. Rb3 Kf5 46. Rb6 Ra3 47. Rc6 Rb3 48. Ra6 Rc3 49. Rb6 Rd3 50. Ra6 Rc3 51. Rb6 Ra3 52. Rc6 Rb3 53. Ra6 Rc3 1/2-1/2


[Site "https://www.chess.com"]

[Event "Titled Tuesday Blitz December 13 Early 2022"]
[White "Thorhallsson, Simon"]
[Black "Albertini, Luca"]
[WhiteFideId "2310090"]
[BlackFideId "847038"]
[WhiteElo "2108"]
[BlackElo "2207"]
[Result "1-0"]
[Round "11"]
[TimeControl "180+1"]
[Date "2022.12.14"]
[WhiteClock "0:00:43"]
[BlackClock "0:00:41"]

1. Nf3 d5 2. g3 Nf6 3. Bg2 c5 4. O-O Nc6 5. d4 e6 6. c4 cxd4 7. Nxd4 Bc5 8. Nb3 Bb6 9. cxd5 exd5 10. Nc3 Be6 11. Bg5 d4 12. Ne4 h6 13. Nxf6+ gxf6 14. Bf4 Rc8 15. Rc1 Qd7 16. Qd2 h5 17. h4 Bh3 18. Nc5 Qf5 19. Nxb7 O-O 20. Nd6 Qe6 21. Nxc8 Rxc8 22. Bxh3 Qxh3 23. b4 Ne7 24. Rxc8+ Qxc8 25. Rc1 Qe6 26. Bc7 Ng6 27. Bxb6 axb6 28. Qxd4 Qxe2 29. Qxf6 Qg4 30. Re1 Nf8 31. Re5 Ne6 32. Rxe6 fxe6 33. Qg5+ Qxg5 34. hxg5 b5 35. Kg2 Kf7 36. Kh3 e5 37. Kh4 Kg6 38. f3 Kf5 39. Kxh5 e4 40. fxe4+ Kxe4 41. g6 1-0


[Site "https://www.chess.com"]

[Event "Titled Tuesday Blitz December 13 Early 2022"]
[White "Todorovic, Bojan"]
[Black "Yurasova, Daria"]
[WhiteFideId "917087"]
[BlackFideId "34146919"]
[WhiteElo "2266"]
[BlackElo "2098"]
[Result "0-1"]
[Round "11"]
[TimeControl "180+1"]
[Date "2022.12.14"]
[WhiteClock "0:00:09"]
[BlackClock "0:00:07"]

1. d4 d5 2. c4 dxc4 3. Nf3 Nf6 4. e3 e6 5. Bxc4 a6 6. O-O b5 7. Bb3 Bb7 8. Nc3 Nbd7 9. d5 exd5 10. Nxd5 Nxd5 11. Bxd5 Bxd5 12. Qxd5 Bd6 13. e4 O-O 14. Bg5 Be7 15. Rad1 Bxg5 16. Nxg5 Nf6 17. Qf5 Qc8 18. Qxc8 Raxc8 19. e5 Ng4 20. e6 fxe6 21. Nxe6 Rf6 22. Nc5 Rc6 23. b4 a5 24. a3 Ne5 25. Rfe1 Nc4 26. Rd3 Rd6 27. f3 Rxd3 28. Nxd3 Nxa3 29. bxa5 c5 30. a6 b4 31. a7 b3 32. Ra1 c4 33. Rxa3 Ra8 34. Nb4 b2 0-1


[Site "https://www.chess.com"]

[Event "Titled Tuesday Blitz December 13 Early 2022"]
[White "Torres Boch, Jose Francisco"]
[Black "Ambartsumova, Karina"]
[WhiteFideId "2278383"]
[BlackFideId "4166299"]
[WhiteElo "2073"]
[BlackElo "2319"]
[Result "1-0"]
[Round "11"]
[TimeControl "180+1"]
[Date "2022.12.14"]
[WhiteClock "0:00:04"]
[BlackClock "0:00:02"]

1. e4 e5 2. Nf3 d5 3. d3 Nc6 4. exd5 Qxd5 5. Nc3 Qd8 6. g3 Nf6 7. Bg2 Bg4 8. O-O Be7 9. Be3 O-O 10. Ne4 Qd7 11. Qe1 Nd5 12. Bc5 Rae8 13. Bxe7 Rxe7 14. Nc5 Qc8 15. Qe4 Nf6 16. Qa4 Rfe8 17. Rfe1 h6 18. b4 Nd8 19. Nd2 b6 20. Nce4 Nxe4 21. Bxe4 a6 22. c4 Bd7 23. Qc2 Ne6 24. Nb3 Ba4 25. Bf5 Bxb3 26. Qxb3 Qd8 27. Bxe6 Rxe6 28. Re3 Qd4 29. Rae1 f5 30. Qa4 f4 31. gxf4 Qxf4 32. Qxa6 Rf8 33. R1e2 Qg4+ 34. Kf1 Ref6 35. Qb7 Qh4 36. Qg2 Kh7 37. Rg3 R8f7 38. h3 Rf4 39. Rg4 Qf6 40. Rxf4 exf4 41. Qe4+ g6 42. Qe6 Qa1+ 43. Kg2 Qg7 44. f3 h5 45. Qe5 Qh6 46. d4 Rd7 47. d5 Rf7 48. Qe6 Qg5+ 49. Kf1 Rg7 50. Ke1 Qg3+ 51. Kd2 Qxf3 52. Qe4 Qg3 53. Qd4 f3 54. Rf2 Re7 55. c5 Qg5+ 56. Kc2 Qf5+ 57. Qd3 Qf6 58. Rxf3 Qe5 59. Rf2 bxc5 60. bxc5 Qa1 61. Qb3 Qe1 62. Rd2 Qe4+ 63. Qd3 Qa4+ 64. Kb2 Qb4+ 65. Qb3 Qxd2+ 66. Ka3 Qg5 67. Kb4 Qf6 68. Kb5 Re5 69. Qc4 Qf5 70. Kc6 Qf6+ 71. d6 cxd6 72. cxd6 Re6 73. Qd5 Qf7 74. a4 h4 75. a5 Qe8+ 76. Kc7 1-0


[Site "https://www.chess.com"]

[Event "Titled Tuesday Blitz December 13 Early 2022"]
[White "Torres Dominguez, David"]
[Black "Jakubowska, Anna"]
[WhiteFideId "2220857"]
[BlackFideId "1121952"]
[WhiteElo "2037"]
[BlackElo "2001"]
[Result "0-1"]
[Round "11"]
[TimeControl "180+1"]
[Date "2022.12.14"]
[WhiteClock "0:00:05"]
[BlackClock "0:00:17"]

1. e4 c5 2. Nf3 e6 3. d4 cxd4 4. Nxd4 a6 5. Bd3 Bc5 6. Nb3 Be7 7. O-O d6 8. Qe1 Nf6 9. f4 Qc7 10. N1d2 Nbd7 11. Nf3 O-O 12. e5 Nd5 13. c4 Nb4 14. Qxb4 Re8 15. Qe1 d5 16. cxd5 exd5 17. Be3 b5 18. Rc1 Qb8 19. Nfd4 Bb7 20. Qg3 Bf8 21. Nf5 f6 22. e6 Rxe6 23. Nbd4 Re8 24. Nh6+ Kh8 25. Nf7+ Kg8 26. Nh6+ Kh8 27. Nhf5 g6 28. Nh4 Nc5 29. Rxc5 Bxc5 30. Nxg6+ hxg6 31. Qxg6 Qc7 32. Rf3 Rxe3 33. Qxf6+ Qg7 34. Qxg7+ Kxg7 35. Nf5+ Kf6 36. Nxe3 Re8 37. Kf2 Kf7 38. Rh3 Bc8 39. Rg3 Kf8 40. b3 Bd7 41. Bh7 Re7 42. Bd3 a5 43. Bc2 a4 44. bxa4 d4 45. h4 dxe3+ 46. Ke2 bxa4 47. h5 Bb5+ 48. Ke1 e2 49. a3 Bf2+ 50. Kxf2 e1=Q+ 51. Kf3 Be2# 0-1


[Site "https://www.chess.com"]

[Event "Titled Tuesday Blitz December 13 Early 2022"]
[White "Turzo, Attila"]
[Black "Molina Carretero, Daniel"]
[WhiteFideId "704954"]
[BlackFideId "32071914"]
[WhiteElo "2577"]
[BlackElo "2109"]
[Result "1-0"]
[Round "11"]
[TimeControl "180+1"]
[Date "2022.12.14"]
[WhiteClock "0:00:07"]
[BlackClock "0:00:03"]

1. d4 Nf6 2. c4 e6 3. Nf3 b6 4. g3 Ba6 5. b3 Bb4+ 6. Bd2 Be7 7. Nc3 d5 8. cxd5 exd5 9. Bg2 O-O 10. O-O Nbd7 11. Bf4 Rc8 12. Ne5 c6 13. e4 Bxf1 14. Qxf1 dxe4 15. Nxe4 Nxe4 16. Bxe4 Nf6 17. Nxc6 Qd7 18. Nxe7+ Qxe7 19. Bf3 Rfd8 20. Qd3 h6 21. d5 Qc5 22. Rc1 Qa3 23. Rxc8 Rxc8 24. Qd2 Qc5 25. d6 Rd8 26. h4 Ne8 27. d7 Nf6 28. Kg2 Rxd7 29. Qe2 Re7 30. Qd3 Rd7 31. Qe2 g5 32. hxg5 hxg5 33. Be3 Qe5 34. Qa6 g4 35. Bxg4 Re7 36. Bf3 Kg7 37. Qc4 Rd7 38. Qh4 Kf8 39. Bh6+ Ke7 40. Qb4+ Qc5 41. Qe1+ Kd8 42. Bf4 Rd3 43. Qe2 Qd4 44. Be5 Qd7 45. Bxf6+ Kc7 46. Qe5+ Qd6 47. Qxd6+ Kxd6 48. g4 Rd2 49. a4 Rd3 50. b4 Ra3 51. b5 Rxa4 52. g5 Ke6 53. Bb7 1-0


[Site "https://www.chess.com"]

[Event "Titled Tuesday Blitz December 13 Early 2022"]
[White "Urazayev, Arystanbek"]
[Black "Daneshvar, Bardiya"]
[WhiteFideId "13709810"]
[BlackFideId "12576468"]
[WhiteElo "2463"]
[BlackElo "2429"]
[Result "1-0"]
[Round "11"]
[TimeControl "180+1"]
[Date "2022.12.13"]
[WhiteClock "0:01:09"]
[BlackClock "0:00:07"]

1. e4 c6 2. d4 d5 3. exd5 cxd5 4. c4 Nf6 5. Nc3 e6 6. Nf3 Bb4 7. cxd5 Nxd5 8. Bd2 O-O 9. Bd3 Nxc3 10. bxc3 Be7 11. h4 h6 12. Qe2 Nd7 13. g4 Re8 14. g5 h5 15. g6 f5 16. Qxe6+ Kh8 17. Kf1 Nf6 18. Qb3 Ng4 19. Bg5 Qd6 20. Bxe7 Rxe7 21. Qb4 Qxb4 22. cxb4 Bd7 23. Kg2 Bc6 24. Rhe1 Rd7 25. Kg3 Bxf3 26. Kxf3 Rxd4 27. Bxf5 Rf8 28. Kg3 Rxb4 29. f3 Nh6 30. Be4 Rb5 31. a4 Nf5+ 32. Kh3 Ra5 33. Bxb7 Nd6 34. Bc6 Raf5 35. Re6 Nc4 36. Rae1 R5f6 37. Rxf6 gxf6 38. Re7 Rg8 39. Rh7# 1-0


[Site "https://www.chess.com"]

[Event "Titled Tuesday Blitz December 13 Early 2022"]
[White "Valle Maytin, Luis Enrique"]
[Black "Torres Cueto, Jesus Marcial"]
[WhiteFideId "3503666"]
[BlackFideId "4415280"]
[WhiteElo "2225"]
[BlackElo "2022"]
[Result "0-1"]
[Round "11"]
[TimeControl "180+1"]
[Date "2022.12.14"]
[WhiteClock "0:01:37"]
[BlackClock "0:01:10"]

1. e4 e6 2. d4 d5 3. Bd3 dxe4 4. Bxe4 Nd7 5. Ne2 Ngf6 6. Bf3 Be7 7. O-O O-O 8. g3 Rb8 9. c4 b6 10. Nbc3 Bb7 11. Bxb7 Rxb7 12. Be3 c5 13. d5 exd5 14. cxd5 Bd6 15. Bf4 Bxf4 16. Nxf4 Ne5 17. Re1 Re8 18. b3 a6 19. Kg2 Qd6 20. Qd2 Rbe7 21. Rad1 g5 22. Nh3 h6 23. f4 Neg4 24. Rxe7 Rxe7 25. Re1 Rxe1 26. Qxe1 Nxd5 27. Qe8+ Kg7 28. Ne4 Nde3+ 29. Kf3 Qd1# 0-1


[Site "https://www.chess.com"]

[Event "Titled Tuesday Blitz December 13 Early 2022"]
[White "Vianello, Enrico"]
[Black "Kuchava, Ana"]
[WhiteFideId "810738"]
[BlackFideId "13605348"]
[WhiteElo "2120"]
[BlackElo "2001"]
[Result "1-0"]
[Round "11"]
[TimeControl "180+1"]
[Date "2022.12.14"]
[WhiteClock "0:00:54"]
[BlackClock "0:00:01"]

1. Nf3 d5 2. e3 c5 3. d4 Nf6 4. c4 cxd4 5. Nxd4 Nc6 6. Nc3 dxc4 7. Nxc6 Qxd1+ 8. Nxd1 bxc6 9. Bxc4 e5 10. Ke2 Bc5 11. b3 O-O 12. Bb2 e4 13. h3 Rd8 14. Nc3 Bf5 15. Rhd1 h5 16. Na4 Be7 17. Rac1 Rxd1 18. Rxd1 Rd8 19. Rxd8+ Bxd8 20. Bd4 a5 21. Nc5 Nd5 22. Bxd5 cxd5 23. Nb7 Bc7 24. Bc3 a4 25. bxa4 Bd7 26. Nc5 Bc6 27. a5 Bb5+ 28. Kd2 f5 29. a4 Bc4 30. Bb4 Bd6 31. a6 Bxc5 32. Bxc5 Bxa6 33. g3 Kf7 34. h4 Ke6 35. Kc3 Kd7 36. Kd4 Ke6 37. Bf8 Bc4 38. Bxg7 Kd6 39. Bf8+ Ke6 40. Kc5 Kd7 41. Kb6 Kc8 42. Bd6 Kd7 43. Be5 Kc8 44. a5 d4 45. exd4 Bd5 46. a6 Ba8 47. Kc5 Kd7 48. Bf4 Kc8 49. Kd6 1-0


[Site "https://www.chess.com"]

[Event "Titled Tuesday Blitz December 13 Early 2022"]
[White "Vokhidov, Shamsiddin"]
[Black "Goryachkina, Aleksandra"]
[WhiteFideId "14204223"]
[BlackFideId "4147103"]
[WhiteElo "2597"]
[BlackElo "2484"]
[Result "0-1"]
[Round "11"]
[TimeControl "180+1"]
[Date "2022.12.13"]
[WhiteClock "0:02:15"]
[BlackClock "0:00:53"]

1. e4 c5 2. Nf3 e6 3. c3 d5 4. exd5 Qxd5 5. d4 Nf6 6. Na3 a6 7. Nc4 Nbd7 8. Bd3 cxd4 9. cxd4 Bb4+ 10. Bd2 Bxd2+ 11. Qxd2 O-O 12. O-O b5 13. Ne3 Qh5 14. Be2 Bb7 15. a4 Rad8 16. axb5 axb5 17. Ra7 Bxf3 18. Bxf3 Qg5 19. Qb4 Nb6 20. Qc5 Nbd5 21. Nxd5 Nxd5 22. Qxb5 Qd2 23. Rd1 Qc2 24. Qe2 Qxe2 25. Bxe2 Rb8 26. Rd2 Rb4 27. Rc7 Rfb8 28. Bc4 Nxc7 0-1


[Site "https://www.chess.com"]

[Event "Titled Tuesday Blitz December 13 Early 2022"]
[White "Wagner, Dennis"]
[Black "Yedidia, Daniel"]
[WhiteFideId "24650684"]
[BlackFideId "30905907"]
[WhiteElo "2470"]
[BlackElo "2555"]
[Result "1-0"]
[Round "11"]
[TimeControl "180+1"]
[Date "2022.12.14"]
[WhiteClock "0:00:56"]
[BlackClock "0:00:46"]

1. d4 Nf6 2. c4 e6 3. Nf3 b6 4. g3 Ba6 5. b3 Bb4+ 6. Bd2 c5 7. Bxb4 cxb4 8. Bg2 Bb7 9. O-O O-O 10. a3 a5 11. axb4 axb4 12. Rxa8 Bxa8 13. Nbd2 d5 14. Qa1 Nc6 15. Rc1 Bb7 16. Ne5 Nxe5 17. dxe5 Nd7 18. cxd5 Bxd5 19. Bxd5 exd5 20. Qd4 Qe7 21. Nf3 Nc5 22. Qxb4 Qe6 23. Qb5 h6 24. b4 Ne4 25. Rc6 Qf5 26. Qxb6 Ra8 27. Qb7 Ra1+ 28. Kg2 Kh7 29. Qc8 Qh5 30. g4 1-0


[Site "https://www.chess.com"]

[Event "Titled Tuesday Blitz December 13 Early 2022"]
[White "Weetik, Vjacheslav"]
[Black "Martinez Ramirez, Lennis"]
[WhiteFideId "4153472"]
[BlackFideId "3509079"]
[WhiteElo "2469"]
[BlackElo "2439"]
[Result "1-0"]
[Round "11"]
[TimeControl "180+1"]
[Date "2022.12.14"]
[WhiteClock "0:00:05"]
[BlackClock "0:00:04"]

1. d4 d5 2. Nf3 c6 3. c4 Nf6 4. Nc3 e6 5. e3 Nbd7 6. Bd3 dxc4 7. Bxc4 Bd6 8. O-O b5 9. Be2 Bb7 10. e4 e5 11. dxe5 Nxe5 12. Nd4 O-O 13. Bg5 h6 14. Bh4 g6 15. Kh1 Be7 16. f4 Nc4 17. Bxc4 bxc4 18. e5 Nh5 19. Bxe7 Qxe7 20. Qg4 c5 21. Ndb5 Qe6 22. Qh4 Ng7 23. Qxh6 Nf5 24. Qh3 Kg7 25. Nd6 Nxd6 26. Qxe6 fxe6 27. exd6 Rfd8 28. Rad1 Rab8 29. Na4 Bd5 30. Nxc5 Kf7 31. Rd2 Rxd6 32. Rfd1 Rdb6 33. Na4 Rb4 34. Nc3 Rxb2 35. h3 Rxd2 36. Rxd2 Rc8 37. Kg1 Kf6 38. Kf2 Rc5 39. Ke3 Bc6 40. g4 g5 41. Kd4 Ra5 42. Rf2 gxf4 43. Rxf4+ Ke7 44. Rf2 Bd5 45. h4 Kd6 46. h5 e5+ 47. Ke3 Ra3 48. Kd2 Be6 49. h6 Kc5 50. h7 Kd4 51. Ne2+ Kc5 52. h8=Q Rxa2+ 53. Ke1 Ra3 54. Qxe5+ Bd5 55. Nf4 Rd3 56. Nxd3+ cxd3 57. Kd2 Kc4 58. Qc3+ Kb5 59. Rf5 Ka4 60. Rxd5 a5 61. Rxa5# 1-0


[Site "https://www.chess.com"]

[Event "Titled Tuesday Blitz December 13 Early 2022"]
[White "Xiong, Jeffery"]
[Black "Piorun, Kacper"]
[WhiteFideId "2047640"]
[BlackFideId "1130420"]
[WhiteElo "2726"]
[BlackElo "2572"]
[Result "0-1"]
[Round "11"]
[TimeControl "180+1"]
[Date "2022.12.13"]
[WhiteClock "0:00:23"]
[BlackClock "0:00:13"]

1. d4 d6 2. e4 g6 3. Nf3 Bg7 4. Be3 Nf6 5. Nc3 a5 6. Qd2 c6 7. Bh6 O-O 8. h4 Bxh6 9. Qxh6 Ng4 10. Qd2 h5 11. a4 e5 12. Bc4 Qf6 13. d5 Nd7 14. Ng5 Nb6 15. Bb3 Kg7 16. f3 Nh6 17. O-O-O c5 18. Qe2 Bd7 19. Nb5 c4 20. Bxc4 Nxa4 21. Qe3 Rfc8 22. Be2 Rc5 23. Na3 b5 24. g3 Rac8 25. Qb3 b4 26. Nc4 Bb5 27. Ne6+ fxe6 28. Nxd6 Rxc2+ 29. Kb1 Rxe2 0-1


[Site "https://www.chess.com"]

[Event "Titled Tuesday Blitz December 13 Early 2022"]
[White "Xu, Yi"]
[Black "Rakhmatullaev, Almas"]
[WhiteFideId "8605564"]
[BlackFideId "14205793"]
[WhiteElo "2471"]
[BlackElo "2221"]
[Result "1-0"]
[Round "11"]
[TimeControl "180+1"]
[Date "2022.12.13"]
[WhiteClock "0:00:09"]
[BlackClock "0:00:15"]

1. e4 e5 2. Nf3 Nc6 3. Bc4 Nf6 4. d3 Bc5 5. O-O d6 6. c3 O-O 7. h3 a5 8. Re1 h6 9. Nbd2 Bb6 10. Bb5 Ne7 11. d4 Ng6 12. Ba4 Be6 13. Bc2 c6 14. Nf1 Re8 15. Ng3 Bc7 16. a4 Qc8 17. Be3 Nf4 18. Bxf4 exf4 19. Nf1 g5 20. e5 dxe5 21. Nxe5 Bf5 22. Bb3 Be6 23. Nh2 Kg7 24. Nhf3 Bd5 25. Bxd5 cxd5 26. Qb3 Ra6 27. Rac1 Rb6 28. Qc2 Rbe6 29. c4 Bxe5 30. dxe5 Nd7 31. cxd5 Qxc2 32. Rxc2 R6e7 33. Rc7 Nb6 34. Rxe7 Rxe7 35. d6 Rd7 36. b3 Nd5 37. Rc1 f6 38. Rc5 Nb6 39. Rc7 Rxc7 40. dxc7 fxe5 41. Nxe5 Nc8 42. Kf1 Kf6 43. Ng4+ Kg6 44. Ke2 h5 45. Ne5+ Kf5 46. Nc4 b6 47. Kd3 Ke6 48. Ke4 Kd7 49. Kf5 Kxc7 50. Kxg5 Nd6 51. Nxd6 Kxd6 52. Kxh5 Kc5 53. Kg4 Kb4 54. h4 Kxb3 55. h5 Kxa4 56. h6 b5 57. h7 b4 58. h8=Q b3 59. Qb2 Kb4 60. Kxf4 a4 61. Ke4 a3 62. Qd4+ Kb5 63. Kd3 b2 64. Kc2 Kc6 65. Qxb2 axb2 66. Kxb2 1-0


[Site "https://www.chess.com"]

[Event "Titled Tuesday Blitz December 13 Early 2022"]
[White "Yeremyan, Alen"]
[Black "Deuer, Marius"]
[WhiteFideId "13308998"]
[BlackFideId "16236432"]
[WhiteElo "2159"]
[BlackElo "2226"]
[Result "1-0"]
[Round "11"]
[TimeControl "180+1"]
[Date "2022.12.14"]
[WhiteClock "0:02:39"]
[BlackClock "0:00:34"]

1. c4 Nf6 2. Nc3 e6 3. e4 d5 4. cxd5 exd5 5. e5 Nfd7 6. d4 c5 7. f4 Nc6 8. Nf3 cxd4 9. Nxd4 Bc5 10. Be3 O-O 11. Be2 Qb6 12. Nxd5 Qa5+ 13. Bd2 Qd8 14. Nxc6 bxc6 15. Ne3 a5 16. O-O Qb6 17. Qc1 Ba6 18. Bxa6 Rxa6 19. Kh1 Bd4 20. Rb1 Qc5 21. Nf5 g6 22. Nxd4 Qxd4 23. Bc3 Qe4 24. f5 c5 25. Qh6 Kh8 26. e6+ Ne5 27. Qxf8# 1-0


[Site "https://www.chess.com"]

[Event "Titled Tuesday Blitz December 13 Early 2022"]
[White "Yilmaz, Mustafa"]
[Black "Domingo Nunez, Ruben"]
[WhiteFideId "6302718"]
[BlackFideId "22245570"]
[WhiteElo "2564"]
[BlackElo "2406"]
[Result "0-1"]
[Round "11"]
[TimeControl "180+1"]
[Date "2022.12.13"]
[WhiteClock "0:00:40"]
[BlackClock "0:00:07"]

1. e4 Nf6 2. e5 Nd5 3. Nf3 Nc6 4. d4 d6 5. Bb5 a6 6. Bxc6+ bxc6 7. O-O Bg4 8. Nbd2 e6 9. h3 Bh5 10. Qe2 Be7 11. Ne4 O-O 12. Ng3 Bg6 13. c3 a5 14. Bd2 Qb8 15. b3 c5 16. dxc5 dxc5 17. Ne4 a4 18. c4 Nb4 19. Bc3 Rd8 20. a3 Nc6 21. bxa4 Rxa4 22. Qe3 Rxc4 23. Nfd2 Ra4 24. Nxc5 Ra8 25. Nde4 Qb5 26. Rfb1 Qc4 27. Rc1 Qd5 28. f4 Nd4 29. Bb4 Nf5 30. Qf2 Bh4 31. g3 Be7 32. Kh2 Qc6 33. g4 Nd4 34. Qe3 h5 35. Nb3 Qxe4 36. Qxe4 Bxe4 37. Nxd4 Bxb4 38. Nb5 Bd2 39. Rc4 Bxf4+ 40. Kg1 Be3+ 41. Kh2 Bd3 42. Rb4 c5 43. Rb2 Bf4+ 44. Kg2 Bxe5 45. Raa2 Bxb2 46. Rxb2 Bxb5 47. Rxb5 c4 0-1


[Site "https://www.chess.com"]

[Event "Titled Tuesday Blitz December 13 Early 2022"]
[White "Zaichenko, Daria"]
[Black "Martin Duque, Jesus"]
[WhiteFideId "4197453"]
[BlackFideId "2208954"]
[WhiteElo "2039"]
[BlackElo "2297"]
[Result "1-0"]
[Round "11"]
[TimeControl "180+1"]
[Date "2022.12.14"]
[WhiteClock "0:02:08"]
[BlackClock "0:02:08"]

1. e4 c5 2. Nf3 b6 3. d4 cxd4 4. Nxd4 Bb7 5. Bd3 g6 6. Be3 Bg7 7. O-O Nc6 8. Nxc6 dxc6 9. Nc3 Nf6 10. e5 Nd5 11. Nxd5 Qxd5 12. f4 O-O 13. c4 Qd7 14. Qc2 Rfd8 15. Rad1 Qg4 16. h3 Qe6 17. f5 Qxe5 18. Bf4 Qc5+ 19. Kh1 Rd7 20. fxg6 hxg6 21. Bxg6 Rxd1 22. Bh7+ Kh8 23. Rxd1 Qd4 24. Rxd4 1-0


[Site "https://www.chess.com"]

[Event "Titled Tuesday Blitz December 13 Early 2022"]
[White "Zhalmakhanov, Ramazan"]
[Black "Movahed, Sina"]
[WhiteFideId "13706357"]
[BlackFideId "42520835"]
[WhiteElo "2432"]
[BlackElo "2225"]
[Result "1-0"]
[Round "11"]
[TimeControl "180+1"]
[Date "2022.12.13"]
[WhiteClock "0:01:46"]
[BlackClock "0:01:08"]

1. d4 Nf6 2. Nc3 d5 3. Bf4 c5 4. e3 cxd4 5. exd4 a6 6. Nf3 Bg4 7. h3 Bxf3 8. Qxf3 Nc6 9. O-O-O e6 10. g4 b5 11. h4 b4 12. Ne2 a5 13. Ng3 a4 14. g5 Nd7 15. h5 a3 16. b3 Be7 17. g6 Nf6 18. gxf7+ Kxf7 19. Bh3 Re8 20. Rhe1 Bd6 21. Bg5 h6 22. Bh4 Rc8 23. Qd3 Bf4+ 24. Kb1 e5 25. Qg6+ Kf8 26. Bxc8 Qxc8 27. Bxf6 gxf6 28. Qxf6+ Kg8 29. Nf5 Qd7 30. Rg1+ Kh7 31. Rg7+ 1-0